 Dungeon Crawl Stone Soup version 0.30-a0-738-g116ff8c4af (webtiles) character file.

Game seed: 8946286986242971431

2387 mopl the Basher (level 10, 0/124 HPs)
             Began as a Meteoran Berserker on Feb 3, 2023.
             Was a Priest of Trog.
             Slain by an ice beast (12 damage)
             ... on level 7 of the Dungeon.
             The game lasted 00:15:04 (3395 turns).

mopl the Basher (Meteoran Berserker)                Turns: 3395, Time: 00:15:05

Health: 0/124      AC: 25    Str: 23    XL:     10   Next: 3%
Magic:  11/11      EV:  2    Int:  9    God:    Trog [***...]
Gold:   43         SH:  5    Dex: 14    Spells: 9/9 levels left

rFire   . . .      SeeInvis +    (no weapon)
rCold   . . .      Faith    .    (no shield)
rNeg    . . .      Spirit   .    (body armour currently unavailable)
rPois   +          Reflect  +    (helmet currently unavailable)
rElec   .          Harm     .    (cloak currently unavailable)
rCorr   .          Rampage  .    (gloves currently unavailable)
Will    ++...      NoTele   +    (boots currently unavailable)
Stlth   +                        g - amulet of reflection
HPRegen 0.40/turn                f - ring of see invisible
MPRegen 0.12/turn                z - ring of willpower

@: tree-form, on berserk cooldown, glowing
A: stationary, stasis, torment immunity, boosted hp, sense surroundings 2,
otherworldly, glowing, explore regen
a: Renounce Religion, Berserk, Trog's Hand


You were on level 7 of the Dungeon.
You worshipped Trog.
Trog was most pleased with you.
You were a tree.
You visited 1 branch of the dungeon, and saw 7 of its levels.

You collected 616 gold pieces.
You spent 573 gold pieces at shops.

Inventory:

Hand Weapons
 a - a +0 flail of protection
 b - a +2 sling of freezing
 E - a +0 dire flail
Missiles
 m - 9 boomerangs
 p - 17 poisoned darts (quivered)
 s - 6 javelins
Armour
 x - a +0 chain mail (melded)
 B - a +0 cloak (melded)
 C - a +0 pair of gloves (melded)
Jewellery
 f - a ring of see invisible (left branch)
 g - an amulet of reflection (around neck)
 t - a ring of resist corrosion
 z - a ring of willpower (right branch)
Wands
 c - a wand of polymorph (15)
 u - a wand of light (24)
Scrolls
 e - 2 scrolls of amnesia {unknown}
 i - a scroll of enchant armour {unknown}
 j - 3 scrolls of summoning {unknown}
 l - 2 scrolls of identify
 o - 2 scrolls of fear {unknown}
 q - 2 scrolls of vulnerability
 r - 5 scrolls of teleportation {unknown}
 v - 7 scrolls of poison
 y - a scroll of blinking {unknown}
 A - 3 scrolls of magic mapping
 F - a scroll of fog
 G - a scroll of immolation
Potions
 d - 2 potions of heal wounds
 k - 3 potions of curing
 n - a potion of mutation {!q}
 w - 2 potions of might
 D - 2 potions of ambrosia


   Skills:
 + Level 6.2 Fighting
 * Level 9.9 Maces & Flails
 + Level 5.0 Throwing
 + Level 6.2 Armour
 + Level 6.3 Dodging
 + Level 4.4 Evocations


You had 9 spell levels left.
You didn't know any spells.
Your spell library was empty.

Dungeon Overview and Level Annotations

Branches:
Dungeon (7/15) Zot: 704
 Temple: D:4-7

Altars:
Cheibriados
Kikubaaqudgha
Makhleb
Qazlal
Ru
Trog
Yredelemnul
Zin
The Shining One

Shops:
D:5 *   D:7 ?

Annotations:
D:4 3 runed translucent doors, jazmu's ghost, amateur GrHs


Innate Abilities, Weirdness & Mutations

You are a tree.
Your roots penetrate the ground, keeping you stationary.
You cannot be teleported.
You are immune to unholy pain and torment.
Your maximum health is greatly increased.
Your equipment is partially melded.
You passively map the area around you.
You are easily found by Zot.
You glow in the dark.
You regain HP and MP as you explore.


Message History

The ice beast hits you but does no damage.
You hit Maggie but do no damage.
Maggie is almost dead.
You feel yourself speed up. You block the black bear's attack.
The black bear barely misses you. You block the black bear's attack.
Maggie gestures at you while chanting.
The bolt of fire hits you but does no damage.
The wight hits you but does no damage. The ice beast barely misses you.
Maggie hits you with a +0 glaive!
* * * LOW HITPOINT WARNING * * *
The black bear bites you but does no damage.
You block the black bear's attack.
The black bear claws you but does no damage.
The wight hits you but does no damage.
The ice beast hits you but does no damage.
You hit Maggie.
You are no longer entranced.
You kill Maggie!
Trog accepts your kill.
Trog appreciates your killing of a magic user.
The ice beast hits you but does no damage.
The black bear bites you but does no damage.
The black bear claws you but does no damage. x2
The wight hits you but does no damage.
Your life force feels restored.
Your Throwing skill increases to level 5!
You have reached level 10!
Okay, then.
Your black bear goes berserk!
You can no longer call in reinforcements.
The hound bites you.
* * * LOW HITPOINT WARNING * * *
The hound bites you but does no damage.
The black bear bites you but does no damage.
The black bear claws you but does no damage. x2
The ice beast hits you.
* * * LOW HITPOINT WARNING * * *
The ice beast freezes you!
You die...

≈§§≈≈....##
#.........##
####≈≈.... #..†...####
#§§§§.># ##.>.###
*#§§..#####.....######
, ...###...........##
* *
..........##......#
.......)...........* ,
........#h##h.....# ~
~ ........#h♣.......#
~ ,,
.......zzzY.##.... ,*
~ ,
........###....##.,,
.h....### ....##* , <
, ** .....# *....##, *
,.....** #.##.# , ,, *
< ,, .. .. , * ,, ,
... ,... , , ... ,,.#.
,, *


You could see a black bear, an ice beast (ally target), a hound, 3 wights and a
friendly black bear (summoned, berserk).

Vanquished Creatures
  Maggie (D:7)
  A wyvern (D:7)
  Edmund (D:5)
  An ice beast (D:5)
  3 black bears
  A sky beast (D:6)
  A centaur (D:7)
  A kobold brigand (D:4)
  8 wights (D:6)
  2 scorpions
  3 howler monkeys
  A quasit (D:7)
  An orc priest (D:5)
  A hound (D:7)
  Jessica (D:2)
  4 iguanas (D:5)
  Ijyb (D:5)
  3 orc wizards
  3 gnolls (D:5)
  10 adders
  A shadow imp (D:5)
  3 white imps
  3 worms
  A dart slug (D:6)
  18 orcs
  6 endoplasms
  5 giant cockroaches
  5 goblins
  8 hobgoblins
  3 jackals (D:1)
  5 kobolds
  5 quokkas
  5 ball pythons
  10 bats
  3 frilled lizards
  A goblin zombie (D:7)
  2 hobgoblin zombies (D:7)
  2 kobold skeletons (D:7)
  An orc skeleton (D:7)
  An orc zombie (D:7)
  3 rats
139 creatures vanquished.

Vanquished Creatures (others)
  A kobold (D:3)
1 creature vanquished.

Grand Total: 140 creatures vanquished

Notes
Turn   | Place    | Note
-------+----------+-------------------------------------------
     0 | D:1      | mopl the Meteoran Berserker began the quest for the Orb.
     0 | D:1      | Reached XP level 1. HP: 19/19 MP: 2/2
    69 | D:1      | Reached XP level 2. HP: 26/26 MP: 3/3
   249 | D:1      | Reached XP level 3. HP: 25/31 MP: 4/4
   384 | D:2      | Reached ** piety under Trog
   400 | D:2      | Reached skill level 3 in Armour
   432 | D:2      | Noticed Jessica
   439 | D:2      | Killed Jessica
   440 | D:2      | Reached skill level 5 in Maces & Flails
   440 | D:2      | Reached skill level 3 in Dodging
   440 | D:2      | Reached XP level 4. HP: 37/40 MP: 5/5
   486 | D:2      | Found an ancient bone altar of Kikubaaqudgha.
   768 | D:2      | Reached XP level 5. HP: 46/46 MP: 6/6
   944 | D:3      | Found a faded altar of an unknown god.
   955 | D:3      | Found a glowing silver altar of Zin.
  1241 | D:3      | Reached skill level 4 in Fighting
  1248 | D:3      | Found a burning altar of Makhleb.
  1545 | D:4      | Reached XP level 6. HP: 50/52 MP: 7/7
  1547 | D:4      | Reached skill level 1 in Throwing
  1603 | D:4      | Reached skill level 6 in Maces & Flails
  1603 | D:4      | Reached *** piety under Trog
  1645 | D:4      | Found a runed translucent gate.
  1646 | D:4      | Found a runed translucent gate.
  1646 | D:4      | Noticed jazmu's ghost (amateur GrHs)
  1647 | D:4      | Found a runed translucent gate.
  1906 | D:5      | Entered Level 5 of the Dungeon
  1924 | D:5      | Reached skill level 4 in Dodging
  1925 | D:5      | Noticed Edmund
  1938 | D:4      | Reached skill level 4 in Armour
  1985 | D:5      | Killed Edmund
  1986 | D:5      | Reached skill level 2 in Throwing
  1986 | D:5      | Reached XP level 7. HP: 60/60 MP: 8/8
  2037 | D:5      | Noticed Ijyb
  2046 | D:5      | Killed Ijyb
  2148 | D:5      | Reached skill level 7 in Maces & Flails
  2185 | D:5      | Reached skill level 1 in Evocations
  2185 | D:5      | Reached XP level 8. HP: 51/67 MP: 9/9
  2327 | D:5      | Found Poriolul's Assorted Antiques.
  2416 | D:5      | Reached skill level 5 in Fighting
  2416 | D:5      | Reached skill level 3 in Throwing
  2426 | D:5      | Reached skill level 5 in Armour
  2426 | D:5      | Reached skill level 2 in Evocations
  2430 | D:5      | Reached skill level 8 in Maces & Flails
  2430 | D:5      | Reached skill level 5 in Dodging
  2488 | D:5      | Bought 3 scrolls labelled DUAHAFF LIES for 93 gold pieces
  2488 | D:5      | Bought a scroll labelled FOMOJOE ASKUJ for 31 gold pieces
  2488 | D:5      | Bought a purple potion for 27 gold pieces
  2488 | D:5      | Bought a potion of curing for 93 gold pieces
  2564 | D:6      | Gained mutation: You passively map the area around you.
                  | [Meteoran growth]
  2564 | D:6      | Reached XP level 9. HP: 73/73 MP: 10/10
  2590 | D:6      | Reached skill level 3 in Evocations
  2625 | D:6      | Found a stormy altar of Qazlal.
  2689 | D:6      | Found a sacrificial altar of Ru.
  2713 | D:6      | Reached skill level 4 in Throwing
  2866 | D:6      | Found a snail-covered altar of Cheibriados.
  3034 | D:6      | Reached skill level 9 in Maces & Flails
  3043 | D:6      | Found a bloodstained altar of Trog.
  3158 | D:7      | Found a basalt altar of Yredelemnul.
  3177 | D:7      | Found a glowing golden altar of the Shining One.
  3187 | D:7      | Reached **** piety under Trog
  3215 | D:7      | Reached skill level 6 in Fighting
  3250 | D:7      | Found Rosoc's Magic Scroll Shoppe.
  3260 | D:7      | Bought a scroll of magic mapping for 105 gold pieces
  3260 | D:7      | Bought a scroll of fog for 56 gold pieces
  3260 | D:7      | Bought a scroll of immolation for 56 gold pieces
  3260 | D:7      | Bought a scroll of poison for 56 gold pieces
  3260 | D:7      | Bought a scroll of vulnerability for 56 gold pieces
  3300 | D:7      | Reached skill level 6 in Armour
  3300 | D:7      | Reached skill level 6 in Dodging
  3359 | D:7      | Reached skill level 4 in Evocations
  3367 | D:7      | Noticed Maggie
  3394 | D:7      | Killed Maggie
  3395 | D:7      | Reached skill level 5 in Throwing
  3395 | D:7      | Reached XP level 10. HP: 14/83 MP: 11/11
  3395 | D:7      | Slain by an ice beast

Illustrated notes

Levels and vault maps discovered:
D:1:      spicycebolla_green_bress_n_ham, layout_rooms, serial_rivers,
          chequers_serial_rivers_large_a, chequers_serial_rivers_small_b,
          chequers_serial_rivers_small_3, chequers_serial_rivers_room_b,
          chequers_serial_rivers_micro_b
D:2:      layout_basic, basic_altar, uniq_jessica
D:3:      layout_loops_cross, nicolae_overflow_ecumenical_swirl,
          mainiacjoe_overflow_boulevard, wander_ebering_terrifying_dragon_lair
D:4:      layout_gridville, gammafunk_ghost_nasty_kobolds,
          amcnicky_mini_corridor_feature
D:5:      minmay_opposing_rooms, layout_basic, serial_shops, shop, uniq_ijyb,
          uniq_edmund
D:6:      layout_loops_ring, kennysheep_slug_shrine, kennysheep_little_box,
          nicolae_ru_sacrificial_ziggurat, grunt_qazlal_sundering
D:7:      layout_cave_pools, old_standard_altar, nicolae_uskayaw_en_pointe,
          nicolae_tso_besieged_by_evil, minmay_temple_entry_proselytizer,
          enter_ossuary_1, serial_shops, nicolae_shop_crystal,
          minmay_misc_feat_x, grunt_decor_junction, uniq_menkaure, uniq_maggie,
          uniq_pikel

Skill      XL: |  1  2  3  4  5  6  7  8  9 |
---------------+----------------------------+-----
Armour         | 3 4 5 6 |  6.2
Maces & Flails | 5 6 7 8 9 |  9.9
Dodging        | 3 4 5 6 |  6.3
Fighting       | 4 5 6 |  6.2
Throwing       | 2 3 5 |  5.0
Evocations     | 1 2 4 |  4.4

Action                     |  1- 3 |  4- 6 |  7- 9 | 10-12 || total
---------------------------+-------+-------+-------+-------++-------
  Melee: Mace              |    80 |   203 |     1 |       ||   284
         Punch             |       |     2 |     3 |       ||     5
         Flail             |       |       |   253 |       ||   253
         Unarmed           |       |       |    16 |       ||    16
 Invoke: Berserk           |       |     3 |     5 |       ||     8
         Brothers in Arms  |       |       |       |     1 ||     1
  Evoke: Wand              |       |       |     1 |       ||     1
    Use: Scroll            |       |       |     8 |       ||     8
         Potion            |       |       |     2 |       ||     2
   Stab: Invisible         |       |       |     1 |       ||     1
 Armour: Ring mail         |    35 |    76 |       |       ||   111
         Chain mail        |       |       |   164 |       ||   164
         Skin              |       |       |    99 |     4 ||   103
  Dodge: Dodged            |    30 |    98 |   102 |       ||   230
  Block: Other             |    10 |    59 |    81 |       ||   150
         Reflection        |     1 |     1 |       |       ||     2

Table legend: (Time is in decaauts)
 A = Elapsed time spent in this place.
 B = Non-inter-level travel time spent in this place.
 C = Inter-level travel time spent in this place.
 D = Time resting spent in this place.
 E = Time spent auto-exploring this place.
 F = Levels seen in this place.
 G = Mean time per level.
                   A        B        C        D        E       F      G
               +--------+--------+--------+--------+--------+-----+--------+
         Total |   3494 |   3362 |    132 |      0 |      0 |   7 |  499.1 |
       Dungeon |   3494 |   3362 |    132 |      0 |      0 |   7 |  499.1 |
               +--------+--------+--------+--------+--------+-----+--------+

Top non-repeatable levels by time:
     D:5: 635 daAuts
     D:3: 630 daAuts
     D:6: 575 daAuts
     D:4: 531 daAuts
     D:2: 503 daAuts
     D:1: 339 daAuts
     D:7: 278 daAuts
